3AAA
VERMONT LAKE MONSTERS @ BALBOA BUCCANEERS
08/09/2019
 
TOP OF THE 1ST
Vermont Lake Monsters batting - Pitching for Balboa Buccaneers : RHP Eduardo Capata
Pitching: RHP Eduardo Capata
Batting: LHB Dave Burns 0-0: Ball
1-0: Foul Ball, location: 2F
1-1: Foul Ball, location: 2F
1-2: Ball
2-2: Strikes out swinging
Batting: RHB Teddy Pelham 0-0: Ball
1-0: Called Strike
1-1: Fly out, F8 (Flyball, 8LM)
Batting: RHB Keith Burnett 0-0: Ball
1-0: Ball
2-0: Called Strike
2-1: Called Strike
2-2: Ball
3-2: Base on Balls
Batting: LHB John Brewer 0-0: Called Strike
0-1: Ball
1-1: SINGLE (Popup, 4MD)
Keith Burnett to second
Batting: RHB Gonzalo Núñez 0-0: Ball
1-0: Called Strike
1-1: SINGLE (Line Drive, 56D)
Keith Burnett to third
John Brewer to second
Runner from 3rd tries for Home, SAFE, no throw or cutoff
Batting: RHB Pat Ings 0-0: Ball
1-0: Ball
2-0: Ball
3-0: Base on Balls
John Brewer to third
Gonzalo Núñez to second
Batting: RHB Carlos Santos 0-0: SINGLE (Groundball, 34)
John Brewer scores
Gonzalo Núñez to third
Pat Ings to second
Runner from 3rd tries for Home, SAFE, no throw or cutoff
Batting: RHB Ralph May 0-0: Ball
1-0: Ball
2-0: Called Strike
2-1: Ball
3-1: Called Strike
3-2: Foul Ball, location: 2F
3-2: SINGLE (Line Drive, 7S)
Pat Ings to third
Carlos Santos to second
Pat Ings scores
Carlos Santos to third
Batting: RHB Daniel Cooper 0-0: Ball
1-0: Called Strike
1-1: Swinging Strike
1-2: Foul Ball, location: 2F
1-2: Ball
2-2: Foul Ball, location: 2F
2-2: Strikes out looking
Top of the 1st over - 4 run(s), 4 hit(s), 0 error(s), 2 left on base; Vermont 4 - Balboa 0
BOTTOM OF THE 1ST
Balboa Buccaneers batting - Pitching for Vermont Lake Monsters : RHP Ed Jacobs
Pitching: RHP Ed Jacobs
Batting: RHB José Correa 0-0: Ball
1-0: Ball
2-0: Ball
3-0: Base on Balls
Batting: RHB Denis Taylor 0-0: Called Strike
0-1: Ball
1-1: Fly out, F7 (Flyball, 7S)
Batting: RHB Miguel Ramírez 0-0: Called Strike
0-1: Ball
1-1: Grounds into double play, 1-4-3 (Groundball, 13S)
Bottom of the 1st over - 0 run(s), 0 hit(s), 0 error(s), 0 left on base; Vermont 4 - Balboa 0
TOP OF THE 2ND
Vermont Lake Monsters batting - Pitching for Balboa Buccaneers : RHP Eduardo Capata
Batting: LHB Dave Burns 0-0: Ball
1-0: Ball
2-0: Called Strike
2-1: Called Strike
2-2: Ball
3-2: SINGLE (Line Drive, 89S)
Batting: RHB Teddy Pelham 0-0: Ground out 5-3 (Groundball, 56S)
Dave Burns to second
Batting: RHB Keith Burnett 0-0: Ground out 5-3 (Groundball, 56S)
Dave Burns to third
Batting: LHB John Brewer 0-0: Ball
1-0: Ball
2-0: Called Strike
2-1: Ball
3-1: Hit by Pitch
Pinch Runner at 1st Tim Hill:
Batting: RHB Gonzalo Núñez 0-0: Ball
1-0: Foul Ball, location: 2F
1-1: Foul Ball, location: 2F
1-2: Foul Ball, location: 2F
1-2: Ball
2-2: Foul Ball, location: 2F
2-2: Ball
3-2: Base on Balls
Tim Hill to second
Batting: RHB Pat Ings 0-0: Ball
Wild Pitch!
Dave Burns scores
Tim Hill to third
Gonzalo Núñez to second
1-0: Ball
2-0: Foul Ball, location: 2F
2-1: Called Strike
2-2: Foul Ball, location: 2F
2-2: Strikes out swinging
Top of the 2nd over - 1 run(s), 1 hit(s), 0 error(s), 2 left on base; Vermont 5 - Balboa 0
BOTTOM OF THE 2ND
Balboa Buccaneers batting - Pitching for Vermont Lake Monsters : RHP Ed Jacobs
Now at 1B: Tim Hill
Batting: SHB Walt Smith 0-0: Foul Ball, location: 2F
0-1: Ball
1-1: Ball
2-1: Ball
3-1: Base on Balls
Batting: RHB Leonard James 0-0: Called Strike
0-1: Called Strike
0-2: Foul Ball, location: 2F
0-2: Ball
1-2: Foul Ball, location: 2F
1-2: Foul Ball, location: 2F
1-2: Ball
2-2: Foul Ball, location: 2F
2-2: Ball
3-2: Base on Balls
Walt Smith to second
Batting: RHB Jean Lemaire 0-0: Called Strike
0-1: Ball
1-1: Called Strike
1-2: Ground out 3-1 (Groundball, 34S)
Walt Smith to third
Leonard James to second
Batting: RHB Matt Nelson 0-0: Ball
1-0: Called Strike
1-1: Swinging Strike
1-2: Ball
2-2: Strikes out looking
Batting: RHB Bill Manning 0-0: Foul Ball, location: 2F
0-1: Called Strike
0-2: Foul Ball, location: 2F
0-2: Ball
1-2: Ball
2-2: Ball
3-2: Foul Ball, location: 2F
3-2: Foul Ball, location: 2F
3-2: Foul Ball, location: 2F
3-2: Base on Balls
Batting: RHB Mike Ontiveros 0-0: Called Strike
0-1: Called Strike
0-2: Strikes out looking
Bottom of the 2nd over - 0 run(s), 0 hit(s), 0 error(s), 3 left on base; Vermont 5 - Balboa 0
TOP OF THE 3RD
Vermont Lake Monsters batting - Pitching for Balboa Buccaneers : RHP Eduardo Capata
Batting: RHB Carlos Santos 0-0: Called Strike
0-1: DOUBLE (Flyball, 89D)
Pitching: LHP Albert García
Batting: RHB Ralph May 0-0: Ball
1-0: Ball
2-0: Called Strike
2-1: Called Strike
2-2: Foul Ball, location: 2F
2-2: Ball
3-2: 2-RUN HOME RUN (Flyball, 7D), Distance : 392 ft
Batting: RHB Daniel Cooper 0-0: Ball
1-0: Foul Ball, location: 2F
1-1: Swinging Strike
1-2: Fly out, F8 (Flyball, 8LM)
Batting: LHB Dave Burns 0-0: Called Strike
0-1: Foul Ball, location: 2F
0-2: Ball
1-2: Ground out 3-1 (Groundball, 34)
Batting: RHB Teddy Pelham 0-0: Ball
1-0: Called Strike
1-1: Swinging Strike
1-2: Ball
2-2: Ball
3-2: Base on Balls
Batting: RHB Keith Burnett 0-0: Ball
1-0: Foul Ball, location: 2F
1-1: Ball
2-1: Fly out, F8 (Flyball, 8RD)
Top of the 3rd over - 2 run(s), 2 hit(s), 0 error(s), 1 left on base; Vermont 7 - Balboa 0
BOTTOM OF THE 3RD
Balboa Buccaneers batting - Pitching for Vermont Lake Monsters : RHP Ed Jacobs
Batting: RHB José Correa 0-0: Ground out 1-3 (Groundball, 13S)
Batting: RHB Denis Taylor 0-0: Ball
1-0: Fly out, F8 (Flyball, 8RS)
Batting: RHB Miguel Ramírez 0-0: Ground out 5-3 (Groundball, 5)
Bottom of the 3rd over - 0 run(s), 0 hit(s), 0 error(s), 0 left on base; Vermont 7 - Balboa 0
TOP OF THE 4TH
Vermont Lake Monsters batting - Pitching for Balboa Buccaneers : LHP Albert García
Batting: LHB Tim Hill 0-0: Ball
1-0: Ball
2-0: Ball
3-0: Base on Balls
Batting: RHB Gonzalo Núñez 0-0: Ball
1-0: Swinging Strike
1-1: Ball
2-1: Foul Ball, location: 2F
2-2: Ball
3-2: Foul Ball, location: 2F
3-2: DOUBLE (Line Drive, 78XD)
Tim Hill to third
Tim Hill scores
Batting: RHB Pat Ings 0-0: Ball
1-0: Swinging Strike
1-1: Foul Ball, location: 2F
1-2: Fly out, F8 (Flyball, 8LM)
Batting: RHB Carlos Santos 0-0: Called Strike
0-1: Called Strike
0-2: Ball
1-2: Foul Ball, location: 2F
1-2: Foul Ball, location: 2F
1-2: Ball
2-2: SINGLE (Line Drive, 3D)
Gonzalo Núñez to third
Runner from 3rd tries for Home, SAFE, no throw or cutoff
Pitching: LHP Aurelio Martínez
Batting: RHB Ralph May 0-0: Fly out, F7 (Line Drive, 78M)
Batting: RHB Daniel Cooper 0-0: Ball
1-0: Called Strike
1-1: Swinging Strike
1-2: Foul Ball, location: 2F
1-2: Fielders Choice at 2nd, U6 (Groundball, 6M)
Top of the 4th over - 2 run(s), 2 hit(s), 0 error(s), 1 left on base; Vermont 9 - Balboa 0
BOTTOM OF THE 4TH
Balboa Buccaneers batting - Pitching for Vermont Lake Monsters : RHP Ed Jacobs
Batting: SHB Walt Smith 0-0: Called Strike
0-1: SINGLE (Groundball, 6MD)
Batting: RHB Leonard James 0-0: Foul Ball, location: 2F
0-1: Ball
1-1: Swinging Strike
1-2: Strikes out looking
Batting: RHB Jean Lemaire 0-0: Grounds into double play, 6-4-3 (Groundball, 6)
Bottom of the 4th over - 0 run(s), 1 hit(s), 0 error(s), 0 left on base; Vermont 9 - Balboa 0
TOP OF THE 5TH
Vermont Lake Monsters batting - Pitching for Balboa Buccaneers : LHP Aurelio Martínez
Batting: LHB Dave Burns 0-0: Ball
1-0: Ball
2-0: SINGLE (Line Drive, 8RS)
Batting: RHB Teddy Pelham 0-0: Called Strike
0-1: Ball
1-1: Ball
2-1: Foul Ball, location: 2F
2-2: Ball
3-2: Strikes out looking
Batting: RHB Keith Burnett 0-0: Called Strike
0-1: Fly out, F3 (Popup, 3DF)
Batting: LHB Tim Hill 0-0: Foul Ball, location: 2F
0-1: Ball
1-1: Foul Ball, location: 2F
1-2: Ball
2-2: Strikes out swinging
Top of the 5th over - 0 run(s), 1 hit(s), 0 error(s), 1 left on base; Vermont 9 - Balboa 0
BOTTOM OF THE 5TH
Balboa Buccaneers batting - Pitching for Vermont Lake Monsters : RHP Ed Jacobs
Batting: RHB Matt Nelson 0-0: Ball
1-0: Called Strike
1-1: Ball
2-1: Ball
3-1: Foul Ball, location: 2F
3-2: Foul Ball, location: 2F
3-2: Foul Ball, location: 2F
3-2: Ground out 4-3 (Groundball, 4S)
Batting: RHB Bill Manning 0-0: Called Strike
0-1: Swinging Strike
0-2: Strikes out swinging
Batting: RHB Mike Ontiveros 0-0: Called Strike
0-1: Ball
1-1: SINGLE (Line Drive, 4MD)
Batting: RHB José Correa 0-0: Ball
1-0: Ball
2-0: Ball
3-0: Base on Balls
Mike Ontiveros to second
Batting: RHB Denis Taylor 0-0: Called Strike
0-1: Ball
1-1: Called Strike
1-2: SINGLE (Groundball, 56)
Mike Ontiveros to third
José Correa to second
Runner from 3rd tries for Home, SAFE, no throw or cutoff
Batting: RHB Miguel Ramírez 0-0: Ball
1-0: Fly out, F9 (Flyball, 89M)
Bottom of the 5th over - 1 run(s), 2 hit(s), 0 error(s), 2 left on base; Vermont 9 - Balboa 1
TOP OF THE 6TH
Vermont Lake Monsters batting - Pitching for Balboa Buccaneers : LHP Aurelio Martínez
Batting: RHB Gonzalo Núñez 0-0: Ball
1-0: Called Strike
1-1: Ball
2-1: Swinging Strike
2-2: Foul Ball, location: 2F
2-2: Ball
3-2: Foul Ball, location: 2F
3-2: Foul Ball, location: 2F
3-2: Strikes out swinging
Batting: RHB Pat Ings 0-0: Ball
1-0: Ball
2-0: DOUBLE (Line Drive, 8LS)
Batting: RHB Carlos Santos 0-0: Ball
1-0: Ball
2-0: Ball
3-0: Called Strike
3-1: Base on Balls
Batting: RHB Ralph May 0-0: Ball
1-0: Ball
2-0: Foul Ball, location: 2F
2-1: Reached on error, E5 (Groundball, 56S)
Pat Ings to third
Carlos Santos to second
Batting: RHB Daniel Cooper 0-0: DOUBLE (Groundball, 5L)
Pat Ings scores
Carlos Santos scores
Ralph May to third
Pitching: LHP Bill Howard
Batting: LHB Dave Burns 0-0: SINGLE (Groundball, 34)
Ralph May scores
Daniel Cooper to third
Runner from 3rd tries for Home, SAFE, no throw or cutoff
Batting: RHB Teddy Pelham 0-0: Ball
1-0: Swinging Strike
1-1: Ball
2-1: Called Strike
2-2: Foul Ball, location: 2F
2-2: Ball
3-2: Foul Ball, location: 2F
3-2: Base on Balls
Dave Burns to second
Batting: RHB Keith Burnett 0-0: Foul Ball, location: 2F
0-1: Called Strike
0-2: Ball
1-2: Grounds into double play, 5-4-3 (Groundball, 56)
Top of the 6th over - 4 run(s), 3 hit(s), 1 error(s), 1 left on base; Vermont 13 - Balboa 1
BOTTOM OF THE 6TH
Balboa Buccaneers batting - Pitching for Vermont Lake Monsters : RHP Ed Jacobs
Batting: SHB Walt Smith 0-0: Ball
1-0: Ball
2-0: Foul Ball, location: 2F
2-1: Foul Ball, location: 2F
2-2: Ball
3-2: Ground out 3-1 (Groundball, 34)
Pinch Hitting: RHB César Garza 0-0: Called Strike
0-1: Swinging Strike
0-2: Ball
1-2: Ball
2-2: SINGLE (Line Drive, 9LS)
Batting: RHB Jean Lemaire 0-0: Called Strike
0-1: Grounds into double play, 6-4-3 (Groundball, 6)
Bottom of the 6th over - 0 run(s), 1 hit(s), 0 error(s), 0 left on base; Vermont 13 - Balboa 1
TOP OF THE 7TH
Vermont Lake Monsters batting - Pitching for Balboa Buccaneers : LHP Bill Howard
Now in CF: Anthony Trigg
Batting: LHB Tim Hill 0-0: Foul Ball, location: 2F
0-1: Ball
1-1: Called Strike
1-2: Foul Ball, location: 2F
1-2: SINGLE (Groundball, 5D)
Batting: RHB Gonzalo Núñez 0-0: Ball
1-0: SINGLE (Groundball, 34D)
Tim Hill to second
Runner from 2nd tries for 3rd, SAFE, throw made to third
Batting: RHB Pat Ings 0-0: Ball
Gonzalo Núñez steals 2nd base
1-0: Foul Ball, location: 2F
1-1: Ball
2-1: Ball
3-1: Base on Balls
Batting: RHB Carlos Santos 0-0: Called Strike
0-1: Fly out, F3 (Popup, 3D)
Batting: RHB Ralph May 0-0: Ball
1-0: Ball
2-0: Fly out, F8 (Flyball, 8RS)
Batting: RHB Daniel Cooper 0-0: Ball
1-0: Ball
2-0: Ball
3-0: Called Strike
3-1: Foul Ball, location: 2F
3-2: Base on Balls
Tim Hill scores
Gonzalo Núñez to third
Pat Ings to second
Batting: LHB Dave Burns 0-0: Foul Ball, location: 2F
0-1: Foul Ball, location: 2F
0-2: Ball
1-2: Ball
2-2: Foul Ball, location: 2F
Reached via error on a dropped throw, E4
Gonzalo Núñez scores
Pat Ings to third
Daniel Cooper to second
Pitching: LHP Andy Hayden
Batting: RHB Teddy Pelham 0-0: DOUBLE (Flyball, 7LM)
Pat Ings scores
Daniel Cooper scores
Dave Burns to third
Runner from 3rd tries for Home, SAFE, no throw or cutoff
Batting: RHB Keith Burnett 0-0: Ball
1-0: Swinging Strike
1-1: Called Strike
1-2: Ball
2-2: Ball
3-2: Base on Balls
Batting: LHB Tim Hill 0-0: Ball
1-0: Ball
2-0: Called Strike
2-1: Fielders Choice at 2nd, U4 (Groundball, 4M)
Top of the 7th over - 5 run(s), 3 hit(s), 1 error(s), 2 left on base; Vermont 18 - Balboa 1
BOTTOM OF THE 7TH
Balboa Buccaneers batting - Pitching for Vermont Lake Monsters : RHP Ed Jacobs
Batting: RHB Matt Nelson 0-0: Ball
1-0: Bunted foul
1-1: Ball
2-1: SINGLE (Line Drive, 4MD)
Batting: RHB Bill Manning 0-0: Called Strike
0-1: Fly out, F9 (Popup, 34D)
Batting: RHB Mike Ontiveros 0-0: Ball
1-0: Foul Ball, location: 2F
1-1: Grounds into double play, 1-6-3 (Groundball, 13)
Bottom of the 7th over - 0 run(s), 1 hit(s), 0 error(s), 0 left on base; Vermont 18 - Balboa 1
TOP OF THE 8TH
Vermont Lake Monsters batting - Pitching for Balboa Buccaneers : LHP Andy Hayden
Batting: RHB Gonzalo Núñez 0-0: Swinging Strike
0-1: Ball
1-1: Swinging Strike
1-2: Foul Ball, location: 2F
1-2: Strikes out looking
Batting: RHB Pat Ings 0-0: Foul Ball, location: 2F
0-1: SINGLE (Flyball, 8LS)
Batting: RHB Carlos Santos 0-0: Called Strike
0-1: Ground out 5-3 (Groundball, 6)
Pat Ings to second
Batting: RHB Ralph May 0-0: Ball
1-0: Ball
2-0: Ball
3-0: Base on Balls
Batting: RHB Daniel Cooper 0-0: Called Strike
0-1: Swinging Strike
0-2: Ball
1-2: Foul Ball, location: 2F
1-2: Ball
2-2: Ball
3-2: Ground out 5-3 (Groundball, 5S)
Top of the 8th over - 0 run(s), 1 hit(s), 0 error(s), 2 left on base; Vermont 18 - Balboa 1
BOTTOM OF THE 8TH
Balboa Buccaneers batting - Pitching for Vermont Lake Monsters : RHP Ed Jacobs
Batting: RHB José Correa 0-0: Ball
1-0: Ball
2-0: SINGLE (Line Drive, 8RS)
Batting: RHB Denis Taylor 0-0: Foul Ball, location: 2F
0-1: SINGLE (Line Drive, 34)
José Correa to second
Runner from 2nd tries for 3rd, SAFE, throw made to third
Batting: RHB Miguel Ramírez 0-0: Ball
1-0: Called Strike
1-1: Called Strike
1-2: Ball
2-2: Strikes out swinging
Batting: SHB Walt Smith 0-0: Ball
1-0: Foul Ball, location: 2F
1-1: Ball
2-1: Swinging Strike
2-2: DOUBLE (Flyball, 8LM)
José Correa scores
Denis Taylor to third
Runner from 3rd tries for Home, SAFE, no throw or cutoff
Pitching: RHP Branislav Stankovic
Batting: LHB Anthony Trigg 0-0: Ball
1-0: Called Strike
1-1: Ground out 1-3 (Groundball, 15)
Batting: RHB Jean Lemaire 0-0: Ball
1-0: Ball
2-0: SINGLE (Line Drive, 7LS)
Walt Smith to third
Runner from 3rd tries for Home, SAFE, no throw or cutoff
Batting: RHB Matt Nelson 0-0: DOUBLE (Line Drive, 7LS)
Jean Lemaire to third
Batting: RHB Bill Manning 0-0: Called Strike
0-1: Ball
1-1: Ball
2-1: Ground out 4-3 (Groundball, 4M)
Bottom of the 8th over - 3 run(s), 5 hit(s), 0 error(s), 2 left on base; Vermont 18 - Balboa 4
TOP OF THE 9TH
Vermont Lake Monsters batting - Pitching for Balboa Buccaneers : LHP Andy Hayden
Pitching: RHP Luis De La Hoya
Batting: LHB Dave Burns 0-0: Ball
1-0: Ball
2-0: Ball
3-0: Called Strike
3-1: Base on Balls
Batting: RHB Teddy Pelham 0-0: 2-RUN HOME RUN (Flyball, 78XD), Distance : 426 ft
Batting: RHB Keith Burnett 0-0: Foul Ball, location: 2F
0-1: Fly out, F7 (Flyball, 7LM)
Batting: LHB Tim Hill 0-0: Called Strike
0-1: Swinging Strike
0-2: Ball
1-2: Ball
2-2: Strikes out swinging
Batting: RHB Gonzalo Núñez 0-0: Called Strike
0-1: SINGLE (Line Drive, 6M)
Pinch Hitting: RHB Júlio Santos 0-0: Called Strike
0-1: Foul Ball, location: 2F
0-2: Foul Ball, location: 2F
0-2: Ground out 1-3 (Groundball, 15S)
Top of the 9th over - 2 run(s), 2 hit(s), 0 error(s), 1 left on base; Vermont 20 - Balboa 4
BOTTOM OF THE 9TH
Balboa Buccaneers batting - Pitching for Vermont Lake Monsters : RHP Branislav Stankovic
Now at 2B: Bob Wilson
Batting: RHB Mike Ontiveros 0-0: Called Strike
0-1: Ball
1-1: Fly out, F6 (Popup, 7LSF)
Batting: RHB José Correa 0-0: Called Strike
0-1: Ground out 1-3 (Groundball, 13)
Batting: RHB Denis Taylor 0-0: Ball
1-0: Ball
2-0: Foul Ball, location: 2F
2-1: Swinging Strike
2-2: Ball
3-2: Base on Balls
Batting: RHB Miguel Ramírez 0-0: Fly out, F3 (Popup, 23F)
Bottom of the 9th over - 0 run(s), 0 hit(s), 0 error(s), 1 left on base; Vermont 20 - Balboa 4
This league is powered by Out of the Park Baseball, the baseball management simulation game for PC, Mac and Linux
Saturday, July 25th, 2015 - OOTP Baseball 15.6 Build 34